 Dungeon Crawl Stone Soup version 0.22-b1-26-g9dbaab1 (webtiles) character file.

585 Lilu the Covert (level 7, 0/53 HPs)
             Began as an Octopode Assassin on Aug 8, 2018.
             Slain by a sky beast (5 damage)
             ... on level 5 of the Dungeon.
             The game lasted 00:14:06 (4154 turns).

Lilu the Covert (Octopode Assassin)                 Turns: 4154, Time: 00:14:08

Health: 0/53       AC:  1    Str: 11    XL:     7   Next: 37%
Magic:  7/7        EV: 13    Int: 13    God:
Gold:   259        SH:  0    Dex: 15    Spells: 6/6 levels left

rFire    . . .     SeeInvis .   b - +0 blowgun
rCold    . . .     Gourm    .   (no shield)
rNeg     . . .     Faith    +   (helmet restricted)
rPois    .         Spirit   .   z - amulet of faith
rElec    .         Reflect  .   (no ring)
rCorr    .         Harm     .   (no ring)
MR       .....                  (no ring)
Stlth    +++++.....             (no ring)
HPRegen  0.17/turn              (no ring)
MPRegen  0.10/turn              (no ring)
                                (no ring)
                                (no ring)

@: no status effects
A: almost no armour, stealthy swim, amphibious, 8 rings, constrict 8, camouflage
1, gelatinous body 1
a: no special abilities


You were on level 5 of the Dungeon.
You were not hungry.

You visited 1 branch of the dungeon, and saw 5 of its levels.
You also visited: Sewer.

You collected 259 gold pieces.

Inventory:

Hand Weapons
 a - a +2 dagger
 b - a +0 blowgun (weapon)
Missiles
 c - 8 poisoned needles (quivered)
 h - 153 stones
 j - 134 arrows
Jewellery
 z - an amulet of faith (around mantle)
Scrolls
 i - 4 scrolls of magic mapping {unknown}
 k - a scroll of noise {unknown}
 l - 2 scrolls of remove curse {unknown}
 n - 4 scrolls of identify {unknown}
 o - 2 scrolls of amnesia {unknown}
 q - 2 scrolls of blinking {unknown}
 s - 3 scrolls of teleportation {unknown}
 w - a scroll of fear {unknown}
 y - a scroll of fog {unknown}
Potions
 e - a potion of resistance {unknown}
 m - a potion of lignification {unknown}
 p - 2 potions of magic {unknown}
 r - 2 potions of heal wounds {unknown}
 t - a potion of brilliance {unknown}
 u - a potion of might {unknown}
 v - a potion of haste {unknown}
 x - a potion of agility {unknown}
 A - 2 potions of degeneration {unknown}
Comestibles
 f - 7 rations
 g - 3 chunks of flesh


   Skills:
 + Level 6.7 Fighting
 - Level 2.0 Short Blades
 - Level 2.0 Throwing
 - Level 1.0 Dodging
 - Level 8.0 Stealth


You had 6 spell levels left.
You didn't know any spells.
Your spell library contained the following spells:

 Spells                   Type           Power        Failure   Level  Hunger
 Confuse                  Hex            #.......     67%         3    ####...
 Confusing Touch          Hex            #.....       30%         1    ##.....
 Metabolic Englaciation   Hex/Ice        #.........   100%        5    ######.
 Petrify                  Tmut/Erth      #.......     97%         4    #####..
 Gell's Gravitas          Tloc           #.........   67%         3    ####...
 Yara's Violent Unravell  Hex/Tmut       #.........   100%        5    ######.


Dungeon Overview and Level Annotations

Branches:
Dungeon (5/15)
 Temple: D:4-7

Altars:


Innate Abilities, Weirdness & Mutations

You cannot wear most types of armour.
You are very stealthy in the water. (Stealth+)
You are amphibious.
You can wear up to eight rings at the same time.
You can use your tentacles to constrict eight enemies at once.
Your skin changes colour to match your surroundings (Stealth+).
Your rubbery body absorbs attacks. (AC +1, EV +1)


Message History

The sky beast flickers out of sight!
Deactivating autopickup; reactivate with Ctrl-A.
Something hits you.
* * * LOW HITPOINT WARNING * * *
Something shocks you.
* * * LOW HITPOINT WARNING * * *
The ooze quivers.
A sky beast appears from thin air!
Reactivating autopickup.
The sky beast looks more healthy.
The sky beast misses you.
Firing (i - inventory. (/) - cycle)
c - 9 poisoned needles (quivered)
Press: ? - help, Shift-Dir - straight line, f/p - sky beast
Aim: a sky beast (lightly wounded)
You shoot a poisoned needle. The poisoned needle hits the sky beast.
The sky beast is poisoned.
The sky beast is lightly wounded.
The sky beast hits you.
* * * LOW HITPOINT WARNING * * *
The sky beast shocks you.
You die...

...# #.....#.##
...#[#####............
...+.....'..........>#
...#.###.#...........# ...#
#.####+##.##.)####### ...#
#.####.........#....
...#####.##..............###
..........+........#........
....####.##.....@.....#..#
###+## #≈##....Y#.#......##
.....# #.##.....#.........#
.....###(##.....+.........#
.....+..........#.....#.#.#
.....###.#.#...J......#.#.#
.....'.....###............#
.....##...............#.#.#
......#..#..#.....##..#.#.#


You could see a sky beast and an ooze.

Vanquished Creatures
  An ogre (D:4)
  2 big kobolds (Sewer)
  A hound (D:5)
  2 iguanas
  A worker ant (D:4)
  A hound skeleton (D:4)
  6 adders
  3 gnolls (D:2)
  A howler monkey skeleton (D:4)
  A river rat (Sewer)
  3 oozes
  An adder zombie (D:5)
  A worm (Sewer)
  3 dart slugs
  5 leopard geckos
  13 orcs
  9 giant cockroaches
  7 goblins
  2 hobgoblins (D:1)
  8 jackals
  A quokka (D:3)
  7 ball pythons
  7 bats
  5 frilled lizards
  10 kobolds
  2 leopard gecko skeletons (D:5)
  13 rats
116 creatures vanquished.

Notes
Turn   | Place    | Note
-------+----------+-------------------------------------------
     0 | D:1      | Lilu the Octopode Assassin began the quest for the Orb.
     0 | D:1      | Reached XP level 1. HP: 14/14 MP: 1/1
   144 | D:1      | Reached skill level 6 in Stealth
   144 | D:1      | Reached XP level 2. HP: 19/19 MP: 2/2
   641 | D:1      | Reached XP level 3. HP: 24/24 MP: 3/3
   903 | D:1      | Reached skill level 7 in Stealth
  1112 | D:2      | Reached XP level 4. HP: 29/29 MP: 4/4
  1480 | D:2      | Reached skill level 8 in Stealth
  2012 | D:3      | Found a glowing drain.
  2016 | Sewer    | Entered a sewer
  2139 | Sewer    | Reached XP level 5. HP: 36/36 MP: 5/5
  2412 | Sewer    | Noticed a big kobold
  2433 | Sewer    | Killed a big kobold
  2433 | Sewer    | Reached XP level 6. HP: 32/44 MP: 6/6
  2473 | Sewer    | Reached skill level 5 in Fighting
  3746 | D:4      | Reached XP level 7. HP: 51/51 MP: 7/7
  3917 | D:5      | Entered Level 5 of the Dungeon
  4154 | D:5      | Slain by a sky beast

Skill      XL: |  1  2  3  4  5  6  7 |
---------------+----------------------+-----
Stealth        | 6 7 8 |  8.0
Fighting       | 4 5 6 |  6.7
Short Blades   | |  2.0
Throwing       | |  2.0
Dodging        | |  1.0

Action                   |  1- 3 |  4- 6 |  7- 9 || total
-------------------------+-------+-------+-------++-------
Melee: Dagger            |    68 |   159 |    26 ||   253
       Constrict         |    10 |    38 |     4 ||    52
       Tentacles         |     6 |    25 |     5 ||    36
       Spear             |       |    10 |       ||    10
 Fire: Blowgun           |       |     2 |     7 ||     9
 Stab: Sleeping          |    14 |    25 |     3 ||    42
  Eat: Chunk             |     1 |     8 |     1 ||    10
Armor: Skin              |     9 |    10 |     2 ||    21
Dodge: Dodged            |    41 |    93 |    16 ||   150
